 Dungeon Crawl Stone Soup version 0.26.1-2-gb8aa6d0cf2 (webtiles) character file.

Game seed: 6459293546757621778

2068 Ladykiller69 the Chopper (level 9, -4/71 HPs)
             Began as a Mummy Chaos Knight on Mar 9, 2021.
             Was a Priest of Okawaru.
             Slain by a two-headed ogre
             ... wielding a +0 giant club
              (26 damage)
             ... on level 8 of the Dungeon.
             The game lasted 00:17:23 (10435 turns).

Ladykiller69 the Chopper (Mummy Chaos Knight)      Turns: 10435, Time: 00:17:23

Health: -4/71      AC: 11    Str: 18    XL:     9   Next: 5%
Magic:  10/10      EV: 11    Int: 11    God:    Okawaru [***...]
Gold:   389        SH:  0    Dex: 12    Spells: 8/8 levels left

rFire    x . .     SeeInvis .   w - +0 battleaxe
rCold    + . .     Faith    .   (shield currently unavailable)
rNeg     + + +     Spirit   .   b - +2 leather armour
rPois    ∞         Reflect  .   o - +1 helmet
rElec    .         Harm     .   (no cloak)
rCorr    .         Rampage  .   (no gloves)
Will     +....                  p - +2 pair of boots
Stlth    +.........             (no amulet)
HPRegen  0.21/turn              (no ring)
MPRegen  0.12/turn              (no ring)

@: no status effects
A: no potions, fire vulnerability, cold resistance 1, negative energy resistance
3, torment resistance, unbreathing
a: Renounce Religion, Heroism


You were on level 8 of the Dungeon.
You worshipped Okawaru.
Okawaru was most pleased with you.
You visited 2 branches of the dungeon, and saw 9 of its levels.

You collected 389 gold pieces.

Inventory:

Hand Weapons
 a - a +0 hand axe of chaos
 r - a +2 quarterstaff of speed
 w - a +0 battleaxe (weapon)
Missiles
 x - 4 javelins (quivered)
Armour
 b - a +2 leather armour (worn)
 o - a +1 helmet (worn)
 p - a +2 pair of boots (worn)
Jewellery
 j - an uncursed ring of positive energy {unknown}
 k - a +4 ring of evasion {unknown}
 m - an uncursed ring of stealth {unknown}
Wands
 q - a wand of flame (19)
 u - a wand of enslavement (5)
 v - a wand of paralysis (10)
Scrolls
 c - a scroll of enchant armour {unknown}
 d - 14 scrolls of identify {unknown}
 e - 2 scrolls of teleportation {unknown}
 f - 2 scrolls of fear {unknown}
 g - 4 scrolls of noise {unknown}
 h - a scroll of magic mapping {unknown}
 i - 5 scrolls of remove curse {unknown}
 l - a scroll of amnesia {unknown}
 n - a scroll of enchant weapon {unknown}
 s - a scroll of fog {unknown}
 t - a scroll of acquirement {unknown}
 y - a scroll of immolation {unknown}


   Skills:
 + Level 6.6 Fighting
 * Level 7.5 Axes
 - Level 4.6 Armour
 - Level 1.0 Dodging
 + Level 1.9 Invocations


You had 8 spell levels left.
You didn't know any spells.
Your spell library was empty.

Dungeon Overview and Level Annotations

Branches:
Dungeon (8/15)             Temple (1/1) D:7
   Lair: D:8-11

Altars:
Hepliaklqana
Okawaru
Qazlal
Zin

Shops:
D:7 :

Annotations:
D:5 3 runed translucent doors, mavignon's ghost, amateur SpAK
D:6 Grinder


Innate Abilities, Weirdness & Mutations

You do not drink.
Your flesh is vulnerable to fire.
You are immune to poison.
Your flesh is cold resistant. (rC+)
You are immune to negative energy. (rN+++)
You are immune to unholy pain and torment.
You can survive without breathing.


Message History

You hit the orc.
You kill the orc!
Okawaru accepts your kill.
The two-headed ogre hits you with a +0 giant club!
The two-headed ogre hits you with a +0 giant club.
You barely miss the two-headed ogre.
The two-headed ogre is lightly wounded.
An orc priest comes into view. It is wielding a +0 mace.
The two-headed ogre misses you.
The two-headed ogre hits you with a +0 giant club.
The orc priest moves out of view.
You slash the two-headed ogre!
The two-headed ogre is moderately wounded.
The two-headed ogre barely misses you.
The two-headed ogre hits you with a +0 giant club.
You barely miss the two-headed ogre.
The two-headed ogre is moderately wounded.
The two-headed ogre hits you with a +0 giant club!
The two-headed ogre hits you with a +0 giant club!!
You die...

## #. ..# #.# #####.#
#.. #..<#.#######
#.)##.#.###.#.....#
#.)@..#...#.#.###.#
#.O######.#.#.# #.#
#.........#.#.###.#
#.......(.........#
#....######.#.######
#.#....####.#.#.......
#.#....#....#.#..####O
#O#....#.##.#.#..# #.
#.#....#.##.#.#..# #.


You could see a two-headed ogre.

Vanquished Creatures
  Sigmund (D:6)
  Eustachio (D:4)
  An orc warrior (D:7)
  A necrophage (D:6)
  2 ogres (D:6)
  A phantom (D:7)
  2 centaurs
  4 bullfrogs
  A scorpion (D:6)
  4 hounds
  2 orc priests
  6 orc wizards
  A centaur skeleton (D:7)
  4 iguanas
  5 worker ants
  Robin (D:2)
  3 gnolls (D:2)
  A howler monkey skeleton (D:4)
  5 adders
  A shadow imp (D:6)
  2 white imps (D:7)
  2 ufetubi (D:7)
  An ooze (D:3)
  An adder zombie (D:7)
  2 adder skeletons
  3 worms (D:3)
  3 dart slugs
  6 leopard geckos
  19 orcs
  3 ball pythons
  7 giant cockroaches
  8 goblins
  6 hobgoblins
  14 kobolds
  A quokka (D:5)
  9 bats
  5 frilled lizards
  A quokka skeleton (D:7)
  A quokka zombie (D:6)
  6 rats
147 creatures vanquished.

Notes
Turn   | Place    | Note
-------+----------+-------------------------------------------
     0 | D:1      | Ladykiller69 the Mummy Chaos Knight began the quest for the
                  | Orb.
     0 | D:1      | Reached XP level 1. HP: 18/18 MP: 1/1
   260 | D:1      | Reached skill level 1 in Dodging
   260 | D:1      | Reached XP level 2. HP: 24/24 MP: 2/2
   277 | D:1      | XOM: silly message
  1158 | D:2      | Noticed Robin
  1164 | D:2      | Reached skill level 3 in Axes
  1173 | D:2      | Killed Robin
  1174 | D:2      | Reached XP level 3. HP: 26/29 MP: 3/3
  1631 | D:2      | XOM: potion effect (might)
  1654 | D:2      | XOM: silly message
  1743 | D:2      | XOM: smoke on damage
  1751 | D:2      | Reached XP level 4. HP: 35/35 MP: 4/4
  1863 | D:2      | XOM: silly message
  2194 | D:3      | XOM: silly message
  2628 | D:3      | XOM: divination: magic mapping
  2644 | D:3      | XOM: smoke on damage
  2675 | D:3      | Reached XP level 5. HP: 37/42 MP: 5/5
  3010 | D:3      | Found an iron altar of Okawaru.
  3025 | D:3      | Fell from the grace of Xom
  3025 | D:3      | Became a worshipper of Warmaster Okawaru
  3542 | D:4      | Reached skill level 4 in Axes
  3562 | D:4      | XOM: 2-stop teleportation journey
  3563 | D:4      | Noticed Eustachio
  3909 | D:4      | XOM: noise
  3982 | D:4      | Reached XP level 6. HP: 22/48 MP: 6/6
  4326 | D:4      | Killed Eustachio
  4326 | D:4      | Reached * piety under Okawaru
  4645 | D:5      | Entered Level 5 of the Dungeon
  4650 | D:5      | Reached skill level 5 in Axes
  4650 | D:5      | Reached XP level 7. HP: 37/55 MP: 7/7
  4789 | D:5      | XOM: 5-stop teleportation journey
  4955 | D:4      | XOM: summons 14 hostile demons
  5215 | D:5      | XOM: summons 4 hostile shadow creatures
  5662 | D:5      | XOM: summons 1 hostile demon
  5923 | D:5      | Found a runed translucent gate.
  5923 | D:5      | Found a runed translucent gate.
  5923 | D:5      | Found a runed translucent gate.
  5923 | D:5      | Noticed mavignon's ghost (amateur SpAK)
  6269 | D:6      | Found a hazy altar of Hepliaklqana.
  6381 | D:6      | Reached skill level 5 in Fighting
  6730 | D:6      | Noticed Sigmund
  6744 | D:6      | Killed Sigmund
  6744 | D:6      | Reached ** piety under Okawaru
  7025 | D:6      | Reached skill level 6 in Axes
  7025 | D:6      | Reached XP level 8. HP: 45/63 MP: 8/8
  7031 | D:6      | Noticed Grinder
  7186 | D:6      | Got a polished rapier
  7236 | D:6      | Paralysed by Grinder for 3 turns
  7390 | D:5      | XOM: summons 6 hostile demons
  7542 | D:5      | XOM: cloud trail
  8630 | D:7      | Reached skill level 7 in Axes
  8798 | D:6      | Paralysed by something for 7 turns
  9012 | D:7      | Found a staircase to the Ecumenical Temple.
  9021 | Temple   | Entered the Ecumenical Temple
  9081 | D:7      | Reached *** piety under Okawaru
  9082 | D:7      | Reached skill level 1 in Invocations
  9083 | D:7      | Found a stormy altar of Qazlal.
  9122 | D:7      | XOM: summons 3 hostile shadow creatures
  9166 | D:7      | XOM: polymorph orc wizard -> adder
  9389 | D:7      | Found Guihamau's Book Boutique.
 10140 | D:7      | Reached XP level 9. HP: 71/71 MP: 10/10
 10355 | D:8      | Noticed a two-headed ogre
 10435 | D:8      | Slain by a two-headed ogre

Illustrated notes

Levels and vault maps discovered:
D:1:      dpeg_arrival_arbitrary_a, layout_basic
D:2:      layout_loops_ring, uniq_robin
D:3:      layout_loops_ring, kennysheep_okawaru_gauntlet
D:4:      layout_basic, uniq_eustachio
D:5:      layout_loops_ring, gammafunk_ghost_split
D:6:      layout_basic, basic_altar, uniq_sigmund, uniq_grinder
D:7:      layout_gridville, old_standard_altar, minmay_temple_entry_overgrown,
          serial_shops, nicolae_shop_behind_doors
D:8:      layout_basic, serial_shops, nicolae_shop_trees
Temple:   compressed_dpeg_circular_temple

Skill      XL: |  1  2  3  4  5  6  7  8 |
---------------+-------------------------+-----
Dodging        | 1 |  1.0
Axes           | 3 4 5 6 7 |  7.5
Armour         | 2 3 4 |  4.6
Fighting       | 4 5 6 |  6.6
Invocations    | 1 |  1.9

Action                   |  1- 3 |  4- 6 |  7- 9 || total
-------------------------+-------+-------+-------++-------
Melee: Hand axe          |   127 |   188 |   331 ||   646
       Quarterstaff      |       |       |    11 ||    11
       Battleaxe         |       |       |    13 ||    13
 Stab: Paralysed         |     1 |     1 |     4 ||     6
       Confused          |     1 |       |       ||     1
       Sleeping          |     1 |       |     1 ||     2
       Petrifying        |       |       |     1 ||     1
Armor: Leather armour    |    45 |    95 |   183 ||   323
Dodge: Dodged            |    78 |   154 |   248 ||   480
